 Dungeon Crawl Stone Soup version 0.26-a0-966-gd078a86f14 (webtiles) character file.

Game seed: 13617588029902371768

145280 snetch the Warrior (level 16, 0/152 HPs)
             Began as a Minotaur Berserker on Dec 2, 2020.
             Was a High Priest of Trog.
             Splashed by a goliath frog's acid (12 damage)
             ... called by a spriggan druid
             ... on level 1 of the Swamp on Dec 3, 2020.
             The game lasted 02:10:37 (29764 turns).

snetch the Warrior (Minotaur Berserker)            Turns: 29764, Time: 02:10:38

Health: 0/152      AC: 22    Str: 29    XL:     16   Next: 87%
Magic:  15/15      EV:  4    Int:  4    God:    Trog [*****.]
Gold:   2009       SH: 26    Dex:  6    Spells: 15/15 levels left

rFire    + . .     SeeInvis +   a - +7 hand axe "Killer Klown's Doom" {holy, rElec rPois SInv}
rCold    + + +     Faith    .   P - +0 tower shield of Eternal Vigilance {-Cast rC+ SInv Stlth+} (curse)
rNeg     + + +     Spirit   .   e - +0 plate armour {rC+}
rPois    +         Reflect  +   (helmet restricted)
rElec    +         Harm     .   r - +0 cloak {MR+}
rCorr    .         Rampage  .   S - +0 pair of gloves
MR       ++...     NoCast   +   Z - +0 pair of boots
Stlth    ..........             D - amulet of reflection
HPRegen  0.35/turn              R - ring of Bauptanogh {rF+ rC+ rN+++ EV-4 Dex-4}
MPRegen  0.14/turn              (no ring)

@: berserk cooldown
A: retaliatory headbutt, horns 2
a: Berserk, Trog's Hand, Brothers in Arms, Renounce Religion


You were on level 1 of the Swamp.
You worshipped Trog.
Trog was extremely pleased with you.
You visited 5 branches of the dungeon, and saw 25 of its levels.
You also visited: Ossuary and Bailey.

You collected 2575 gold pieces.
You spent 566 gold pieces at shops.

Inventory:

Hand Weapons
 a - the +7 hand axe "Killer Klown's Doom" (weapon) {holy, rElec rPois SInv}
   (You found it on level 9 of the Dungeon)

   It has been blessed by the Shining One to cause great damage to the undead
   and demons.
   It insulates you from electricity.
   It protects you from poison.
   It lets you see invisible.
 b - a +4 hunting sling
 c - a +3 broad axe of flaming
Missiles
 j - 35 boomerangs
 k - 273 sling bullets
 o - 19 atropa-tipped darts
 q - 3 throwing nets
 s - 74 poisoned darts (quivered)
 x - 573 stones
 E - 5 datura-tipped darts
 L - 12 javelins
Armour
 e - a +0 plate armour of cold resistance (worn)
 r - a +0 cloak of magic resistance (worn)
 P - the cursed +0 tower shield of Eternal Vigilance (worn) {-Cast rC+ SInv Stlth+}
   (You bought it in a shop on level 2 of the Orcish Mines)

   It protects you from cold.
   It lets you see invisible.
   It prevents spellcasting.
   It makes you more stealthy.
   It has a curse placed upon it.
 S - a +0 pair of gloves (worn)
 Z - a +0 pair of boots (worn)
Jewellery
 i - an uncursed ring of resist corrosion
 D - an amulet of reflection (around neck)
 R - the ring of Bauptanogh (left hand) {rF+ rC+ rN+++ EV-4 Dex-4}
   (You found it on level 8 of the Dungeon)

   [ring of evasion]

   It affects your evasion (-4).
   It affects your dexterity (-4).
   It protects you from fire.
   It protects you from cold.
   It renders you almost immune to negative energy.
Wands
 d - a wand of polymorph (29)
 l - a wand of paralysis (17)
 p - a wand of random effects (30)
 t - a wand of iceblast (6)
 u - a wand of acid (10)
 F - a wand of flame (19)
Scrolls
 g - a scroll of silence
 w - 4 scrolls of enchant weapon {unknown}
 y - 3 scrolls of immolation
 B - 3 scrolls of fog
 C - 2 scrolls of blinking
 G - a scroll of summoning
 H - 3 scrolls of amnesia {unknown}
 K - 7 scrolls of magic mapping
 M - 3 scrolls of enchant armour
 O - 2 scrolls of fear
 T - a scroll of vulnerability
 U - a scroll of torment
 W - 6 scrolls of teleportation
Potions
 f - 9 potions of lignification
 h - 16 potions of curing
 n - 3 potions of cancellation
 v - 7 potions of mutation {unknown}
 z - 6 potions of heal wounds
 A - 7 potions of flight {unknown}
 I - 5 potions of haste
 J - 5 potions of invisibility
 N - a potion of might
 Q - 3 potions of resistance
 X - 2 potions of attraction
Miscellaneous
 m - a phantom mirror
 V - a condenser vane
 Y - a phial of floods


   Skills:
 + Level 16.4 Fighting
 - Level 13.0(14.0) Axes
 + Level 5.9(10.4) Maces & Flails
 + Level 6.3(10.6) Polearms
 + Level 10.3(10.6) Slings
 - Level 3.5(7.0) Throwing
 + Level 15.8 Armour
 + Level 7.1 Dodging
 + Level 15.4 Shields
 + Level 3.6 Evocations


You had 15 spell levels left.
You didn't know any spells.
Your spell library contained the following spells:

 Spells                   Type           Power        Failure   Level
 Animate Skeleton         Necr           #.....       100%        1
 Apportation              Tloc           #.....       100%        1
 Corona                   Hex            #......      100%        1
 Foxfire                  Conj/Fire      #...         100%        1
 Summon Small Mammal      Summ           #...         100%        1
 Ensorcelled Hibernation  Hex/Ice        #.....       100%        2
 Confusing Touch          Hex            #.......     100%        3
 Conjure Flame            Conj/Fire      #.......     100%        3
 Dazzling Flash           Conj/Hex       #.....       100%        3
 Inner Flame              Hex/Fire       #.......     100%        3
 Tukima's Dance           Hex            #.......     100%        3
 Sticky Flame             Conj/Fire      #.......     100%        4
 Summon Lightning Spire   Summ/Air       #.......     100%        4
 Fireball                 Conj/Fire      #.........   100%        5
 Lightning Bolt           Conj/Air       #.........   100%        5
 Silence                  Hex/Air        #.........   100%        5
 Freezing Cloud           Conj/Ice/Air   #.........   100%        6


Dungeon Overview and Level Annotations

Branches:
Dungeon (15/15)            Temple (1/1) D:6            Lair (6/6) D:8
  Swamp (1/4) Lair:2        Snake (0/4) Lair:3        Slime (0/5) Lair:5
    Orc (2/2) D:11            Elf (0/3) Orc:2        Vaults (0/5) D:14
Ossuary (visited)          Bailey (visited)
 Depths: D:15

Altars:
Ashenzari
Cheibriados
Dithmenos
Elyvilon
Fedhas
Gozag
Hepliaklqana
Kikubaaqudgha
Makhleb
Nemelex Xobeh
Okawaru
Qazlal
Ru
Sif Muna
Trog
Uskayaw
Vehumet
Wu Jian
Xom
Yredelemnul
Zin
The Shining One
Jiyva

Shops:
D:10 ?   D:11 [   D:12 *?   D:14 [   D:15 !   Orc:2 (*:*[

Annotations:
D:8 bow behind stone
D:15 Louise
Lair:4 two scrolls
Lair:6 two scrolls


Innate Abilities, Weirdness & Mutations

You reflexively headbutt those who attack you in melee.
You have a pair of horns on your head.


Message History

* * * LOW HITPOINT WARNING * * *
Things that are here:
a +0 quarterstaff; a +0 robe You feel yourself speed up.
The goliath frog hits you from afar!!
* * * LOW HITPOINT WARNING * * *
You are splashed with acid!
* * * LOW HITPOINT WARNING * * *
You block the goliath frog's attack.
There is a staircase back to the Lair, spattered with blood here.
Okay, then.
You feel much better. You block the alligator's attack. x2
You block the spriggan's attack. You block the goliath frog's attack.
The alligator bites you but does no damage.
The alligator completely misses you.
Unknown command.
The goliath frog hits you from afar!!
* * * LOW HITPOINT WARNING * * *
You are splashed with acid!
You die...

♣♣♣♣ ♣♣♣♣♣.....°○☼≈f..♣
♣♣..≈ ♣♣....(≈§.♣♣§§☼§≈..
♣.≈≈.♣♣♣.≈≈.≈≈§≈.♣♣♣§Zt≈.≈
♣.≈≈.≈♣≈≈≈...≈§≈.♣♣§....≈≈
♣≈..........≈(≈♣♣♣♣♣♣♣♣♣.
♣§.......≈≈.(...♣♣ ♣°
♣..≈≈≈..≈≈(.≈≈.§♣ ♣°
♣..≈≈≈i)≈F..≈≈.≈♣. ♣§
♣♣.....@t.w.......≈ ♣≈
♣♣♣..♣♣♣≈..≈≈§≈.≈≈≈ ≈♣
♣≈.≈≈♣♣≈..≈≈≈≈≈≈§≈≈ ≈
♣≈.♣♣♣♣....(.≈(≈≈≈≈♣ ≈ ♣≈.
♣≈...≈..§.≈≈≈≈≈ ♣.
♣≈..≈.♣≈...§≈§≈ ≈≈
♣♣.≈≈≈♣♣♣♣.≈≈≈ ♣≈≈≈≈≈.
...≈ ♣.≈≈≈≈ ≈.♣


You could see an alligator (strong, swift), a tyrant leech, a goliath frog
(strong) and a spriggan.

Vanquished Creatures
  A fenstrider witch (Swamp:1)
  2 orc warlords
  Snorg (D:14)
  A fire dragon (D:14)
  A shambling mangrove (Swamp:1)
  Josephine (D:11)
  2 boulder beetles
  2 hydras
  2 centaur warriors
  8 vault guards (D:14)
  A ghost crab (Swamp:1)
  2 catoblepae
  9 two-headed ogres
  Erica (D:9)
  An ogre mage (D:15)
  4 death yaks (Lair:5)
  Urug (Lair:5)
  6 orc high priests
  A tengu warrior (D:15)
  2 goliath frogs (Swamp:1)
  An unseen horror (D:11)
  A spriggan druid (Swamp:1)
  3 orc knights
  A wolf spider zombie (D:14)
  An ugly thing (D:8)
  A deep elf mage (D:14)
  6 cyclopes
  4 oklob plants (Lair:5)
  4 orc sorcerers
  13 elephants
  A manticore (D:8)
  3 black mambas
  A black mamba (shapeshifter) (D:15)
  Maurice (D:12)
  34 cane toads
  4 rime drakes
  A rime drake (shapeshifter) (D:14)
  9 komodo dragons
  A tengu conjurer (D:15)
  A meliai (D:12)
  5 tyrant leeches
  7 trolls
  2 polar bears
  A slime creature (Lair:3)
  3 hornets
  38 blink frogs
  Grinder (D:6)
  7 spriggans
  7 dream sheep (Lair:6)
  37 yaks
  10 wyverns
  3 vampires
  6 wraiths
  The ghost of Grenfur the Chopper, an amateur HOMo of Beogh (D:4)
  5 basilisks
  2 steam dragons
  Grum (Lair:1)
  A redback simulacrum (D:14)
  A swamp worm (Lair:2)
  6 vampire mosquitoes (Lair:6)
  3 wargs
  An acid dragon (D:12)
  12 water moccasins
  38 orc warriors
  2 black bears
  5 ice beasts
  5 sky beasts
  10 ogres
  10 wolves
  8 centaurs
  4 necrophages
  5 big kobolds
  3 elf zombies (Ossuary)
  34 bullfrogs
  A gnoll sergeant (D:8)
  A wyvern zombie (D:13)
  2 water moccasin zombies
  A wyvern skeleton (D:4)
  3 scorpions
  A water moccasin skeleton (D:6)
  8 jellies
  10 killer bees
  11 wights
  5 howler monkeys
  8 electric eels
  7 centaur zombies
  3 quasits
  15 orc priests
  4 centaur skeletons
  3 bullfrog skeletons
  9 hounds
  19 orc wizards
  2 iguanas
  8 worker ants
  2 killer bee zombies
  2 big kobold zombies (Ossuary)
  2 hound skeletons
  2 mummies (Ossuary)
  A worker ant zombie (D:6)
  22 gnolls
  13 adders
  3 shadow imps
  7 white imps
  4 ufetubi
  17 oozes
  An adder zombie (D:6)
  An adder skeleton (D:6)
  2 worms
  A dart slug (D:2)
  4 leopard geckos
  70 orcs
  2 ball pythons (D:1)
  4 giant cockroaches
  25 goblins
  21 hobgoblins
  10 jackals
  5 quokkas
  9 bats
  8 frilled lizards
  A goblin zombie (Ossuary)
  4 hobgoblin zombies (Ossuary)
  A jackal skeleton (D:6)
  3 jackal zombies (Ossuary)
  19 kobolds
  10 kobold zombies (Ossuary)
  11 orc zombies (Ossuary)
  5 quokka zombies
  8 rats
  A rat zombie (Ossuary)
846 creatures vanquished.

Vanquished Creatures (collateral kills)
  An orc knight (Orc:1)
  An ugly thing (D:12)
  An orc warrior (D:12)
  2 orc wizards (D:12)
  3 orcs (D:12)
8 creatures vanquished.

Vanquished Creatures (others)
  A hydra (Swamp:1)
  A kobold demonologist (D:10)
  A bloated husk (Swamp:1)
  2 swamp worms (Swamp:1)
  2 orc warriors (Orc:2)
  3 kobolds
  6 bushes (D:7)
  42 fungi
  117 plants
  A withered plant (D:6)
176 creatures vanquished.

Grand Total: 1030 creatures vanquished

Notes
Turn   | Place    | Note
-------+----------+-------------------------------------------
     0 | D:1      | snetch the Minotaur Berserker began the quest for the Orb.
     0 | D:1      | Reached XP level 1. HP: 19/19 MP: 0/0
    88 | D:2      | Reached XP level 2. HP: 20/27 MP: 1/1
   248 | D:2      | Reached skill level 4 in Fighting
   495 | D:1      | Reached XP level 3. HP: 33/33 MP: 2/2
   628 | D:1      | Reached ** piety under Trog
  1049 | D:3      | Reached XP level 4. HP: 34/41 MP: 3/3
  1738 | D:3      | Reached skill level 5 in Axes
  1821 | D:4      | Reached XP level 5. HP: 45/47 MP: 4/4
  1826 | D:4      | Reached skill level 5 in Fighting
  2093 | D:4      | Reached XP level 6. HP: 44/56 MP: 5/5
  2376 | D:3      | Reached *** piety under Trog
  2570 | D:4      | Found a sacrificial altar of Ru.
  2622 | D:4      | Found a large runed translucent door.
  2624 | D:5      | Entered Level 5 of the Dungeon
  2646 | D:5      | Found an opulent altar of Gozag.
  2682 | D:5      | Noticed a sky beast
  2700 | D:5      | Killed a sky beast
  2722 | D:5      | Noticed a sky beast
  2729 | D:5      | Reached skill level 1 in Polearms
  2729 | D:5      | Reached XP level 7. HP: 42/61 MP: 6/6
  2734 | D:5      | Reached skill level 5 in Armour
  2781 | D:5      | Reached skill level 1 in Throwing
  2919 | D:5      | Found a sand-covered staircase.
  2928 | Ossuary  | Entered an ossuary
  3067 | Ossuary  | Reached skill level 6 in Fighting
  3074 | Ossuary  | Reached **** piety under Trog
  3096 | Ossuary  | Reached XP level 8. HP: 33/70 MP: 7/7
  3111 | Ossuary  | Reached skill level 5 in Polearms
  3302 | D:4      | Found a large runed translucent door.
  3451 | D:4      | Found a bloodstained altar of Trog.
  3587 | D:4      | Noticed Grenfur's ghost (amateur HOMo)
  3605 | D:4      | Killed Grenfur's ghost
  3730 | D:6      | Reached skill level 1 in Maces & Flails
  4022 | D:6      | Noticed Grinder
  4050 | D:6      | Killed Grinder
  4200 | D:6      | Reached skill level 7 in Fighting
  4212 | D:6      | Reached skill level 1 in Shields
  4825 | D:6      | Reached XP level 9. HP: 74/79 MP: 8/8
  5196 | D:6      | Found an ornate altar of the Wu Jian Council.
  5196 | D:6      | Found a shadowy altar of Dithmenos.
  5269 | D:6      | Found a staircase to the Ecumenical Temple.
  5277 | Temple   | Entered the Ecumenical Temple
  5602 | D:7      | Reached skill level 5 in Maces & Flails
  6008 | D:7      | Reached ***** piety under Trog
  6139 | D:7      | Found a blossoming altar of Fedhas.
  6777 | D:8      | Noticed a brown ugly thing
  6794 | D:8      | Killed a brown ugly thing
  7082 | D:8      | Reached skill level 8 in Fighting
  7082 | D:8      | Reached XP level 10. HP: 88/88 MP: 5/9
  7199 | D:8      | Found a broken altar of Ashenzari.
  7226 | D:8      | Noticed a manticore
  7234 | D:8      | Noticed a seven-headed hydra
  7236 | D:8      | Killed a manticore
  7243 | D:8      | Killed a seven-headed hydra
  7273 | D:8      | Identified the Handbook of the Special Nightcaps
  7274 | D:8      | Got a heavily runed platinum ring
  7280 | D:8      | Got a twitching ivory ring
  7286 | D:8      | Got a slimy chain mail
  7840 | D:8      | Reached skill level 5 in Shields
  8194 | D:8      | Found a staircase to the Lair.
  8314 | D:8      | Identified the +0 chain mail of Acro {rN+} (You found it on
                  | level 8 of the Dungeon)
  8325 | D:8      | Got a crude halberd
  8595 | D:8      | Found a shimmering altar of Xom.
  8603 | D:8      | Identified the cursed +3 halberd of Cataclysm {elec, rN+
                  | MR+} (You found it on level 8 of the Dungeon)
  8605 | D:8      | Identified the cursed ring of Bauptanogh {rF+ rC+ rN+++
                  | EV-4 Dex-4} (You found it on level 8 of the Dungeon)
  8609 | D:8      | Identified the ring "Zoel" {rC++ rN+++ Slay-6 Stlth+} (You
                  | found it on level 8 of the Dungeon)
  8828 | D:9      | Noticed Erica
  8840 | D:9      | Killed Erica
  8841 | D:9      | Reached skill level 9 in Fighting
  8841 | D:9      | Reached skill level 5 in Slings
  9098 | D:9      | Found a shimmering blue altar of Sif Muna.
  9365 | D:10     | Entered Level 10 of the Dungeon
  9437 | D:9      | Got a polished hand axe
  9440 | D:9      | Identified the +7 hand axe "Killer Klown's Doom" {holy,
                  | rElec rPois SInv} (You found it on level 9 of the Dungeon)
  9815 | D:10     | Noticed a smoke demon
  9833 | D:10     | Reached XP level 11. HP: 71/97 MP: 10/10
 10145 | D:11     | Noticed Josephine
 10154 | D:11     | Killed Josephine
 10155 | D:11     | Reached skill level 10 in Armour
 10290 | D:10     | Received a gift from Trog
 10302 | D:10     | Found Gaigiupo's Magic Scroll Shoppe.
 10312 | D:10     | Bought a scroll of identify for 28 gold pieces
 10312 | D:10     | Bought a scroll of fear for 49 gold pieces
 10585 | D:10     | Reached skill level 10 in Axes
 10903 | D:10     | Noticed a two-headed ogre
 10912 | D:10     | Killed a two-headed ogre
 11164 | D:11     | Found Mozischisk's Armour Shop.
 11164 | D:11     | Noticed a two-headed ogre
 11165 | D:11     | Noticed an unseen horror
 11180 | D:11     | Killed an unseen horror
 11181 | D:11     | Killed a two-headed ogre
 11182 | D:11     | Reached skill level 10 in Fighting
 11476 | D:11     | Found a staircase to the Orcish Mines.
 11837 | D:12     | Reached XP level 12. HP: 106/106 MP: 11/11
 11880 | D:12     | Found Wonlatt's General Store.
 11920 | D:12     | Noticed a boulder beetle
 11942 | D:12     | Found a flagged portal.
 11948 | D:12     | Killed a boulder beetle
 11975 | Bailey   | Entered a bailey
 12488 | Bailey   | Noticed an orc warlord
 12490 | Bailey   | Reached ****** piety under Trog
 12500 | Bailey   | Received a gift from Trog
 12510 | Bailey   | Killed an orc warlord
 12511 | Bailey   | Reached skill level 1 in Evocations
 12805 | D:12     | Found Pymmonuk's Magic Scroll Shoppe.
 12805 | D:12     | Noticed a two-headed ogre
 12818 | D:12     | Killed a two-headed ogre
 12830 | D:12     | Noticed Maurice
 13079 | D:12     | Killed Maurice
 13149 | D:12     | Bought a scroll of identify for 24 gold pieces
 13149 | D:12     | Bought a scroll of noise for 12 gold pieces
 13250 | D:12     | Noticed an eight-headed hydra
 13258 | D:12     | Killed a five-headed hydra
 13796 | D:12     | Reached skill level 11 in Fighting
 13908 | D:12     | Noticed a two-headed ogre
 13920 | D:12     | Killed a two-headed ogre
 14416 | D:13     | Reached skill level 5 in Dodging
 14416 | D:13     | Reached skill level 10 in Shields
 14416 | D:13     | Reached XP level 13. HP: 117/117 MP: 12/12
 14417 | D:13     | Reached skill level 12 in Fighting
 14417 | D:13     | Reached XP level 14. HP: 127/127 MP: 13/13
 14505 | D:14     | Found Atumum's Armour Boutique.
 16174 | D:14     | Noticed Snorg
 16190 | D:14     | Killed Snorg
 16272 | D:14     | Found a gate to the Vaults.
 16284 | D:14     | Reached XP level 15. HP: 111/134 MP: 14/14
 16286 | D:14     | Reached skill level 13 in Fighting
 16649 | D:15     | Entered Level 15 of the Dungeon
 16671 | D:15     | Received a gift from Trog
 17728 | D:15     | Found Vuorug's Distillery.
 17741 | D:15     | Bought a potion of curing for 36 gold pieces
 17760 | D:15     | Noticed Louise
 18232 | Lair:1   | Entered Level 1 of the Lair of Beasts
 18456 | Lair:1   | Got a smouldering falchion
 18622 | Lair:1   | Noticed Grum
 18630 | Lair:1   | Killed Grum
 18800 | Lair:1   | Lost intelligence.
 18800 | Lair:1   | Identified the +6 falchion of Noon {vorpal, rElec rF+ Str+8
                  | Int-4} (You found it on level 1 of the Lair of Beasts)
 18842 | Lair:1   | Reached skill level 14 in Fighting
 18917 | Lair:1   | Upgraded the game from 0.26-a0-964-g69f9a3b9e2 to
                  | 0.26-a0-966-gd078a86f14
 19820 | Lair:3   | Found a staircase to the Snake Pit.
 20379 | Lair:2   | Found a staircase to the Swamp.
 21981 | Lair:4   | Received a gift from Trog
 22145 | Lair:5   | Noticed Urug
 22169 | Lair:5   | Killed Urug
 22234 | Lair:5   | Reached skill level 10 in Slings
 22476 | Lair:5   | Reached XP level 16. HP: 84/147 MP: 15/15
 23544 | Lair:6   | Entered Level 6 of the Lair of Beasts
 23556 | Lair:6   | Reached skill level 15 in Fighting
 23573 | Lair:6   | Reached skill level 15 in Armour
 24426 | Lair:5   | Received a gift from Trog
 25054 | Lair:5   | Found a viscous altar of Jiyva.
 25055 | Lair:5   | Found a staircase to the Slime Pits.
 26364 | Lair:6   | Got a faintly humming chain mail
 26370 | Lair:6   | Identified the +2 chain mail of Quosma {rF+ Str-4 Int+4}
                  | (You found it on level 6 of the Lair of Beasts)
 26793 | Orc:1    | Entered Level 1 of the Orcish Mines
 27036 | Orc:2    | Entered Level 2 of the Orcish Mines
 27098 | Orc:2    | Found Holut's Mayhem Merchandise.
 27117 | Orc:2    | Found Litoihai's Jewellery Emporium.
 27133 | Orc:2    | Found a staircase to the Elven Halls.
 27416 | Orc:1    | Reached skill level 16 in Fighting
 27720 | Orc:2    | Received a gift from Trog
 28288 | Orc:2    | Found Nalludaabb's Book Shop.
 28310 | Orc:2    | Found Qeryschoi's Antique Armour Shoppe.
 28319 | Orc:2    | Bought a scorched tower shield for 294 gold pieces
 28333 | Orc:2    | Identified the cursed +0 tower shield of Eternal Vigilance
                  | {-Cast rC+ SInv Stlth+} (You bought it in a shop on level 2
                  | of the Orcish Mines)
 28350 | Orc:2    | Found Amperyji's General Store.
 28479 | Orc:2    | Found Kepos's Antique Weapon Boutique.
 28925 | Orc:2    | Bought a scroll of identify for 26 gold pieces
 28926 | Orc:2    | Bought a scroll of enchant armour for 97 gold pieces
 29104 | Swamp:1  | Entered Level 1 of the Swamp
 29121 | Swamp:1  | Reached skill level 15 in Shields
 29762 | Swamp:1  | HP: 3/152 [acid[a spriggan druid] (12)]
 29764 | Swamp:1  | Splashed by a goliath frog's acid

Illustrated notes

Levels and vault maps discovered:
D:1:      dpeg_arrival_snail, layout_basic, minmay_misc_feat_room
D:2:      layout_basic
D:3:      layout_basic
D:4:      layout_cave_pools, kennysheep_mini_moat, kennysheep_little_box,
          ebering_ghost_disaster_area
D:5:      layout_cave_pools, nicolae_ossuary_entry_ruins,
          nicolae_gozag_seed_capital
D:6:      layout_basic, gammafunk_temple_overflow_wave,
          minmay_temple_entry_enclosed_plants, serial_undead, serial_undead_b,
          serial_undead_f, serial_undead_d, serial_undead_c, serial_undead_c,
          uniq_grinder
D:7:      layout_rooms, minmay_misc_feat_square, fedhas_altar_decomposition
D:8:      minmay_the_grid_octo_2x2 [minmay_the_grid_octo_concentric,
          minmay_the_grid_octo_horde, minmay_the_grid_octo_vomiting_pacman,
          minmay_the_grid_octo_prize_square_snowflake], layout_basic,
          marbit_many_paths, erik_lair_island, minmay_statues_item
D:9:      layout_roguey, lemuel_crystal_altar, serial_corexii_hall,
          corexii_hall_statues_u, corexii_hall_statues_x,
          chequers_hall_statues_y, chequers_hall_statues_wall_a,
          evilmike_butchery, uniq_erica
D:10:     kb_forest_paths, layout_irregular_city, serial_shops, shop
D:11:     layout_gridville, david_orc_3, serial_shops, nicolae_shop_crystal,
          hangedman_abyss_or_decor_slice, uniq_josephine
D:12:     layout_basic, serial_shops, shop,
          nicolae_shop_temple_entry_statues_fountains, enter_bailey_2,
          eino_jars, uniq_maurice
D:13:     layout_stronghold
D:14:     layout_grid_maze, erik_vaults_2, serial_park_tiny_1,
          minmay_misc_feat_enclosed, kennysheep_windowed_goal, uniq_snorg
D:15:     gammafunk_enter_depths_forms, layout_basic, basic_altar, serial_shops,
          nicolae_shop_stone, serial_ice, serial_ice_o, serial_ice_d,
          serial_ice_n, serial_ice_j, nicolae_ru_the_path_less_chosen,
          uniq_louise
Temple:   compressed_dpeg_circular_temple
Lair:1:   layout_gridlike, uniq_grum
Lair:2:   layout_roguey, minmay_swamp_entry_worms
Lair:3:   lemuel_slime, layout_small_grid, guppyfry_snake_entry_island
Lair:4:   layout_layer_cave, nicolae_quartered_pool_little,
          chequers_serial_rivers_small_b, serial_bayou_pond_a,
          grunt_megastairs_2
Lair:5:   layout_big_grid, slime_altar_1, beast_lair_carwin_4,
          grunt_megastairs_3, minmay_lair_oklob_chamber, serial_bayou_shore_b,
          uniq_urug
Lair:6:   minmay_lair_end_frog_pond, layout_loops_ring
Swamp:1:  layout_basic_swamp, evilmike_swamp_ruin_wall, swamp_pool1
Orc:1:    layout_diamond_mine
Orc:2:    grunt_orc_gardens, layout_caves, grunt_orc_garden, grunt_orc_garden,
          grunt_orc_garden, grunt_orc_garden, serial_shops, shop,
          minmay_shop_mayhem, nicolae_orc_flooded_monolith

Skill      XL: |  1  2  3  4  5  6  7  8  9 10 11 12 13 14 15 16 |
---------------+-------------------------------------------------+-----
Axes           | 4 5 6 7 9 11 12 13 | 13.0
Fighting       | 4 5 6 7 8 9 10 11 12 14 16 | 16.4
Armour         | 3 4 5 6 8 9 10 12 13 14 15 | 15.8
Dodging        | 3 4 5 6 7 |  7.1
Polearms       | 1 4 6 |  6.3
Throwing       | 1 2 3 |  3.5
Maces & Flails | 4 5 |  5.9
Shields        | 1 3 6 8 10 11 13 15 | 15.4
Slings         | 2 5 6 7 10 | 10.3
Evocations     | 2 3 |  3.6

Action                   |  1- 3 |  4- 6 |  7- 9 | 10-12 | 13-15 | 16-18 || total
-------------------------+-------+-------+-------+-------+-------+-------++-------
Melee: Hand axe          |    94 |    75 |    88 |   467 |   646 |   665 ||  2035
       Headbutt          |    12 |    25 |    83 |    96 |   150 |   118 ||   484
       Halberd           |       |    40 |   114 |       |       |       ||   154
       Mace              |       |       |   187 |       |       |       ||   187
       War axe           |       |       |       |    16 |       |       ||    16
       Flail             |       |       |       |     2 |       |       ||     2
       Broad axe         |       |       |       |     9 |       |       ||     9
 Fire: Hunting sling     |       |       |    18 |    94 |   163 |    73 ||   348
Throw: Dart              |       |     2 |    19 |    13 |    13 |     2 ||    49
Invok: Berserk           |       |     1 |     5 |     8 |     5 |    10 ||    29
       Trog's Hand       |       |       |     2 |     2 |     2 |     2 ||     8
       Brothers in Arms  |       |       |       |     1 |       |     1 ||     2
Evoke: Wand              |       |       |       |     3 |       |       ||     3
       Condenser vane    |       |       |       |     2 |     1 |       ||     3
       Phial of floods   |       |       |       |     1 |       |       ||     1
  Use: Scroll            |       |       |     9 |    10 |     5 |     4 ||    28
       Potion            |       |       |       |     1 |     1 |     2 ||     4
 Stab: Confused          |       |       |       |     3 |       |       ||     3
       Petrified         |       |       |       |       |     4 |     6 ||    10
       Petrifying        |       |       |       |       |       |     1 ||     1
Armor: Animal skin       |     2 |       |       |       |       |       ||     2
       Chain mail        |    73 |    93 |   224 |   162 |    35 |       ||   587
       Plate armour      |       |       |       |       |   165 |   176 ||   341
Dodge: Dodged            |    46 |    67 |   169 |    64 |    67 |    62 ||   475
Block: Other             |       |       |    29 |       |       |       ||    29
       Kite shield       |       |       |    63 |   355 |   419 |   239 ||  1076
       Reflection        |       |       |       |    13 |    26 |     6 ||    45
       Tower shield      |       |       |       |       |       |   327 ||   327

Table legend: (Time is in decaauts)
 A = Elapsed time spent in this place.
 B = Non-inter-level travel time spent in this place.
 C = Inter-level travel time spent in this place.
 D = Time resting spent in this place.
 E = Time spent auto-exploring this place.
 F = Levels seen in this place.
 G = Mean time per level.
                   A        B        C        D        E       F      G
               +--------+--------+--------+--------+--------+-----+--------+
         Total |  29488 |  27422 |   2066 |   3950 |  14149 |  27 | 1092.1 |
       Dungeon |  17439 |  16241 |   1198 |   1387 |   9747 |  15 | 1162.6 |
        Temple |     84 |     76 |      8 |      0 |     75 |   1 |   84.0 |
          Lair |   8558 |   7843 |    715 |   1580 |   3281 |   6 | 1426.3 |
         Swamp |    376 |    376 |      0 |     34 |    238 |   1 |  376.0 |
  Orcish Mines |   2138 |   1994 |    144 |    716 |    755 |   2 | 1069.0 |
       Ossuary |    285 |    285 |      0 |      0 |     23 |   1 |  285.0 |
        Bailey |    604 |    604 |      0 |    231 |     29 |   1 |  604.0 |
               +--------+--------+--------+--------+--------+-----+--------+

Top non-repeatable levels by time:
     D:8: 2102 daAuts
  Lair:5: 2069 daAuts
  Lair:4: 2009 daAuts
    D:13: 1796 daAuts
    D:10: 1699 daAuts
    D:14: 1467 daAuts
     D:6: 1383 daAuts
    D:12: 1383 daAuts
   Orc:1: 1287 daAuts
     D:7: 1275 daAuts
  Lair:1: 1184 daAuts
  Lair:6: 1136 daAuts
  Lair:2: 1100 daAuts
    D:11: 1061 daAuts
  Lair:3: 1058 daAuts
